Carnivores vs Harfangs
Created - November 1, 2018 at 19:11
Goals
|
| Carnivores |
3 |
0 |
0 |
3 |
| Harfangs |
2 |
2 |
2 |
6 |
|
Shots
|
| Carnivores |
17 |
11 |
4 |
32 |
| Harfangs |
12 |
11 |
12 |
35 |
|
1st period
1. Harfangs , Tomas Kubalik 4 (Zac Leslie 2, Calle Jarnkrok 3) at 2:25
2. Carnivores , Blake Geoffrion 5 (Jeremy Williams 2, Scott Laughton 2) at 11:51 (PP)
3. Harfangs , Tomas Kubalik 5 (Brandon Saad 3, Zac Leslie 3) at 12:43
4. Carnivores , Jeremy Williams 6 (T.J Brodie 5, Nate Schmidt 7) at 19:18 (PP)
5. Carnivores , Nikita Alexeev 4 (Jeremy Welsh 3) at 19:49 (PP)
Penalties :
Mat Clark (Bre) for Diving (Minor) at 2:55, Jake Dotchin (BEA) for Roughing (Minor) at 11:39, Zac Leslie (BEA) for Spearing (Major / Game Misconduct) at 18:45
2nd period
6. Harfangs , Brandon Saad 2 (Tomas Kubalik 4, Calle Jarnkrok 4) at 13:42
7. Harfangs , Dylan Olsen 2 (Calle Jarnkrok 5) at 13:50
Penalties :
Josh Manson (Bre) for Cross-checking (Minor) at 17:15
3rd period
8. Harfangs , Tomas Kubalik 6 (Calle Jarnkrok 6) at 4:46
9. Harfangs , Jimmy Hayes 6 (Cody Eakin 5, Reid McNeill 1) at 18:38
Penalties :
Sasha Pokulok (Bre) for Holding (Minor) at 5:09, T.J Brodie (Bre) for High sticking (Double Minor) at 9:33
Goalie Stats
Niklas Svedberg (Bre), 29 saves from 35 shots - (0.829), L, 1-5-1, 60:00 minutes
Anton Forsberg (BEA), 29 saves from 32 shots - (0.906), W, 4-3-0, 60:00 minutes
Players Stats for Carnivores
Player Name G A P +/- PIM S H SB GA TA FO MP PP MP PK MP
------------------------------------------------------------------------------------
Blake Geoffrion 1 0 1 -3 0 7 2 0 0 0 1/1 21:51 2:53 4:51
Curtis Lazar 0 0 0 0 0 0 1 1 0 0 0/0 8:58 0:37 0:00
David Schlemko 0 0 0 0 0 1 0 0 0 1 0/0 12:32 0:00 1:18
Frederik Gauthier 0 0 0 0 0 0 0 1 0 0 0/2 11:22 0:00 2:52
Hunter Shinkaruk 0 0 0 0 0 1 1 0 0 0 1/1 8:21 0:00 0:00
Jeremy Welsh 0 1 1 -1 0 0 1 0 1 0 0/0 13:53 1:36 0:00
Jeremy Williams 1 1 2 -3 0 4 2 0 0 1 0/1 18:37 2:56 1:40
Josh Manson 0 0 0 0 2 1 2 2 0 0 0/0 14:33 0:10 3:27
Mark McNeill 0 0 0 -2 0 0 0 2 0 0 0/0 13:25 0:36 2:52
Markus Granlund 0 0 0 -1 0 1 0 2 0 0 1/6 13:53 1:36 0:00
Mat Clark 0 0 0 -1 2 1 2 0 1 1 0/0 18:02 1:41 0:00
Mattias Backman 0 0 0 -1 0 0 0 0 0 0 0/0 9:41 0:10 3:42
Nate Schmidt 0 1 1 -5 0 2 2 3 0 3 0/0 25:22 3:20 5:15
Nicolas Kerdiles 0 0 0 -2 0 1 1 0 0 0 0/0 12:43 0:34 2:10
Nikita Alexeev 1 0 1 -1 0 7 1 1 1 0 0/1 13:53 1:36 0:00
Sasha Pokulok 0 0 0 -1 2 2 2 2 1 1 0/0 21:06 1:41 3:01
Scott Laughton 0 1 1 -3 0 1 2 1 0 0 10/28 17:33 2:53 0:39
T.J Brodie 0 1 1 -4 4 1 1 2 0 1 0/0 19:06 3:20 3:09
Zack Smith 0 0 0 -2 0 2 1 0 0 0 3/13 15:09 0:16 4:48
Players Stats for Harfangs
Player Name G A P +/- PIM S H SB GA TA FO MP PP MP PK MP
------------------------------------------------------------------------------------
Andreas Martinsen 0 0 0 1 0 4 3 1 1 1 1/2 20:44 4:18 1:13
Boone Jenner 0 0 0 0 0 3 0 0 1 0 1/2 11:48 0:56 0:49
Brandon Pirri 0 0 0 0 0 1 0 0 0 0 0/0 12:10 0:56 0:30
Brandon Saad 1 1 2 5 0 3 3 0 1 0 0/0 17:08 4:39 0:35
Calle Jarnkrok 0 4 4 5 0 4 0 0 0 0 10/12 16:54 4:39 0:00
Cody Eakin 0 1 1 1 0 1 0 0 1 0 23/34 23:27 4:26 3:03
Dylan Olsen 1 0 1 2 0 3 2 6 0 0 0/0 28:59 5:41 3:20
Jake Dotchin 0 0 0 2 2 2 1 0 0 0 0/0 21:18 4:15 1:21
Jimmy Hayes 1 0 1 1 0 4 0 1 3 0 0/0 22:48 4:18 3:05
Joel Armia 0 0 0 0 0 0 2 0 0 0 0/0 9:00 0:19 0:37
Jujhar Khaira 0 0 0 0 0 0 1 0 0 0 0/1 9:32 0:00 0:00
Laurent Dauphin 0 0 0 0 0 0 1 0 0 0 2/2 7:31 0:00 0:00
Morgan Klimchuk 0 0 0 0 0 0 1 1 0 1 0/0 8:09 0:38 0:00
Reid McNeill 0 1 1 0 0 1 2 0 0 1 0/0 21:41 4:15 1:21
Rinat Valiev 0 0 0 3 0 0 0 0 0 0 0/0 14:23 0:00 0:30
Tomas Kubalik 3 1 4 5 0 8 1 0 0 0 0/0 18:05 4:39 1:00
Victor Bartley 0 0 0 3 0 0 1 2 1 1 0/0 27:31 5:41 3:20
Zac Leslie 0 2 2 2 15 1 0 1 0 0 0/0 3:39 0:00 0:00
3 Stars
1 - Tomas Kubalik (BEA)
2 - Calle Jarnkrok (BEA)
3 - Brandon Saad (BEA)
Power Play
Carnivores - 3 on 4 Attempt(s) - 75.00%
Harfangs - 0 on 5 Attempt(s) - 0.00%
Penalty Kill
Carnivores - 5 on 5 Attempt(s) - 100.00%
- Score 0 goal in Penalty Kill
Harfangs - 1 on 4 Attempt(s) - 25.00%
- Score 0 goal in Penalty Kill
Team Stat
Carnivores - Hits : 21 - Faceoff Wins : 16 - Blocked Shots : 17 - Penalty Minutes : 10
Harfangs - Hits : 18 - Faceoff Wins : 37 - Blocked Shots : 12 - Penalty Minutes : 17
Official
Referees : Unknown
Linesman : Unknown
Game Notes
Zac Leslie ejected from game at 18:45 of 1st period
Tomas Kubalik has scored a Hat Trick!
Finance
Level 1 -- Attendance: 1409 (70.45%) -- Ticket Income $47,906
Level 2 -- Attendance: 770 (77.00%) -- Ticket Income $14,630
Total Attendance: 2179 (72.63%)
Total Ticket Income: $62,536
Other Income: $3,127
Total Income: $65,663
Carnivores
5 vs 5 Forward
Center Left Wing Right Wing Time % Phy DF OF
1 Scott Laughton Blake Geoffrion Jeremy Williams 40 1 2 2
2 Markus Granlund Jeremy Welsh Nikita Alexeev 30 1 2 2
3 Zack Smith Nicolas Kerdiles Mark McNeill 20 1 2 2
4 Frederik Gauthier Hunter Shinkaruk Curtis Lazar 10 1 2 2
5 vs 5 Defense
Defense Defense Time % Phy DF OF
1 Nate Schmidt T.J Brodie 40 1 2 2
2 Sasha Pokulok Mat Clark 30 1 2 2
3 Josh Manson David Schlemko 20 1 2 2
4 Nate Schmidt Mattias Backman 10 1 2 2
PowerPlay Forward
Center Left Wing Right Wing Time % Phy DF OF
1 Scott Laughton Blake Geoffrion Jeremy Williams 60 1 1 3
2 Markus Granlund Jeremy Welsh Nikita Alexeev 40 1 1 3
PowerPlay Defense
Defense Defense Time % Phy DF OF
1 Nate Schmidt T.J Brodie 60 1 2 2
2 Sasha Pokulok Mat Clark 40 1 2 2
Penalty Kill 4 Players Forward
Center Wing Time % Phy DF OF
1 Zack Smith Blake Geoffrion 60 1 2 2
2 Frederik Gauthier Mark McNeill 40 1 2 2
Penalty Kill 4 Players Defense
Defense Defense Time % Phy DF OF
1 Nate Schmidt T.J Brodie 60 1 2 2
2 Sasha Pokulok Josh Manson 40 1 2 2
Penalty Kill - 3 Players Forward
Forward Time % Phy DF OF
1 Mark McNeill 60 1 2 2
2 Zack Smith 40 1 2 2
Penalty Kill - 3 Players Defense
Defense Defense Time % Phy DF OF
1 Nate Schmidt T.J Brodie 60 1 2 2
2 Sasha Pokulok Josh Manson 40 1 2 2
4 vs 4 Forward
Center Wing Time % Phy DF OF
1 Scott Laughton Blake Geoffrion 60 1 2 2
2 Nikita Alexeev Jeremy Welsh 40 1 2 2
4 vs 4 Defense
Defense Defense Time % Phy DF OF
1 Nate Schmidt T.J Brodie 60 1 2 2
2 Sasha Pokulok Mat Clark 40 1 2 2
Last Minutes Offensive
Center Left Wing Right Wing Defense Defense
Scott Laughton Blake Geoffrion Jeremy Williams Nate Schmidt T.J Brodie
Last Minutes Defensive
Center Left Wing Right Wing Defense Defense
Frederik Gauthier Blake Geoffrion Mark McNeill Nate Schmidt T.J Brodie
Goaltenders
Starting : Niklas Svedberg
Backup : Antti Raanta
Extra Forwards
Normal : Curtis Lazar, Frederik Gauthier, Jeremy Williams - PP : Curtis Lazar, Jeremy Williams - PK : Jeremy Williams
Extra Defensemen
Normal : Mattias Backman, T.J Brodie, David Schlemko - PP : Mattias Backman - PK : Mattias Backman, T.J Brodie
Penalty Shots
Blake Geoffrion, Jeremy Williams, Nikita Alexeev, Zack Smith, Jeremy Welsh
Scratches
Adam Almquist (Healthy), Connor Clifton (Healthy), Stanislav Galiev (Healthy), Mark MacMillan (Healthy), Tyler Graovac (Healthy)
Troy Bourke (Healthy), Alexandre Mallet (Healthy), Michael Schumacher (Healthy), Tristan Jarry (Healthy)
Harfangs
5 vs 5 Forward
Center Left Wing Right Wing Time % Phy DF OF
1 Cody Eakin Andreas Martinsen Jimmy Hayes 40 1 2 2
2 Calle Jarnkrok Brandon Saad Tomas Kubalik 30 1 2 2
3 Boone Jenner Jujhar Khaira Brandon Pirri 20 1 2 2
4 Laurent Dauphin Morgan Klimchuk Joel Armia 10 1 2 2
5 vs 5 Defense
Defense Defense Time % Phy DF OF
1 Victor Bartley Dylan Olsen 40 1 2 2
2 Reid McNeill Jake Dotchin 30 1 2 2
3 Zac Leslie Rinat Valiev 20 1 2 2
4 Victor Bartley Dylan Olsen 10 1 2 2
PowerPlay Forward
Center Left Wing Right Wing Time % Phy DF OF
1 Cody Eakin Andreas Martinsen Jimmy Hayes 60 1 2 2
2 Calle Jarnkrok Brandon Saad Tomas Kubalik 40 1 2 2
PowerPlay Defense
Defense Defense Time % Phy DF OF
1 Victor Bartley Dylan Olsen 60 1 2 2
2 Reid McNeill Jake Dotchin 40 1 2 2
Penalty Kill 4 Players Forward
Center Wing Time % Phy DF OF
1 Cody Eakin Jimmy Hayes 60 1 2 2
2 Tomas Kubalik Andreas Martinsen 40 1 2 2
Penalty Kill 4 Players Defense
Defense Defense Time % Phy DF OF
1 Victor Bartley Dylan Olsen 60 1 2 2
2 Reid McNeill Jake Dotchin 40 1 2 2
Penalty Kill - 3 Players Forward
Forward Time % Phy DF OF
1 Cody Eakin 60 1 2 2
2 Jimmy Hayes 40 1 2 2
Penalty Kill - 3 Players Defense
Defense Defense Time % Phy DF OF
1 Victor Bartley Dylan Olsen 60 1 2 2
2 Reid McNeill Jake Dotchin 40 1 2 2
4 vs 4 Forward
Center Wing Time % Phy DF OF
1 Cody Eakin Jimmy Hayes 60 1 2 2
2 Tomas Kubalik Andreas Martinsen 40 1 2 2
4 vs 4 Defense
Defense Defense Time % Phy DF OF
1 Victor Bartley Dylan Olsen 60 1 2 2
2 Reid McNeill Jake Dotchin 40 1 2 2
Last Minutes Offensive
Center Left Wing Right Wing Defense Defense
Cody Eakin Andreas Martinsen Jimmy Hayes Victor Bartley Dylan Olsen
Last Minutes Defensive
Center Left Wing Right Wing Defense Defense
Cody Eakin Andreas Martinsen Jimmy Hayes Victor Bartley Dylan Olsen
Goaltenders
Starting : Anton Forsberg
Backup : Zachary Fucale
Extra Forwards
Normal : Brandon Pirri, Boone Jenner, Joel Armia - PP : Brandon Pirri, Boone Jenner - PK : Joel Armia
Extra Defensemen
Normal : Zac Leslie, Rinat Valiev, Reid McNeill - PP : Zac Leslie - PK : Rinat Valiev, Reid McNeill
Penalty Shots
Cody Eakin, Jimmy Hayes, Tomas Kubalik, Andreas Martinsen, Calle Jarnkrok
Scratches
Colton Sissons (Healthy), Cristoval Nieves (Healthy), Brenden Kichton (Healthy), John Macfarland (Healthy), Blake Heinrich (Healthy)
Nick Sorensen (Healthy), Mark Alt (Healthy), Brendan Leipsic (Healthy), Steve McCarthy (Healthy), Dustin Jeffrey (Healthy)
Jason Kasdorf (Healthy), Mark Visentin (Healthy), Scott Wedgewood (Healthy)
% Time on Ice - Carnivores
Lines # - Real PCT - Wanted PCT - Time Play
Normal Forward
1 - 32% - 40% - 14:18
2 - 28% - 30% - 12:26
3 - 22% - 20% - 9:48
4 - 19% - 10% - 8:21
Normal Defense
1 - 31% - 40% - 13:48
2 - 37% - 30% - 16:25
3 - 23% - 20% - 10:20
4 - 10% - 10% - 4:20
PP Forward
1 - 69% - 60% - 3:35
2 - 31% - 40% - 1:36
PP Defense
1 - 68% - 60% - 3:30
2 - 32% - 40% - 1:41
PK Forward
1 - 71% - 60% - 7:04
2 - 29% - 40% - 2:52
PK Defense
1 - 61% - 60% - 6:06
2 - 39% - 40% - 3:50
PK3 Forward
1 - 0% - 60%
2 - 0% - 40%
PK3 Defense
1 - 0% - 60%
2 - 0% - 40%
44 Forward
1 - 0% - 60%
2 - 0% - 40%
44 Defense
1 - 0% - 60%
2 - 0% - 40%
Last Minute Offensive - 0:00
Last Minute Defensive - 0:00
Total
Forward - 60:00
Defense - 60:00
|
% Time on Ice - Harfangs
Lines # - Real PCT - Wanted PCT - Time Play
Normal Forward
1 - 35% - 40% - 15:35
2 - 27% - 30% - 12:15
3 - 21% - 20% - 9:32
4 - 17% - 10% - 7:31
Normal Defense
1 - 39% - 40% - 17:29
2 - 28% - 30% - 12:39
3 - 31% - 20% - 14:01
4 - 2% - 10% - 0:44
PP Forward
1 - 53% - 60% - 5:17
2 - 47% - 40% - 4:39
PP Defense
1 - 57% - 60% - 5:41
2 - 43% - 40% - 4:15
PK Forward
1 - 81% - 60% - 4:11
2 - 19% - 40% - 1:00
PK Defense
1 - 74% - 60% - 3:50
2 - 26% - 40% - 1:21
PK3 Forward
1 - 0% - 60%
2 - 0% - 40%
PK3 Defense
1 - 0% - 60%
2 - 0% - 40%
44 Forward
1 - 0% - 60%
2 - 0% - 40%
44 Defense
1 - 0% - 60%
2 - 0% - 40%
Last Minute Offensive - 0:00
Last Minute Defensive - 0:00
Total
Forward - 60:00
Defense - 60:00
|
Play by Play
1st period
0:01 of 1st period - Scott Laughton wins face-off versus Cody Eakin in neutral zone.
0:06 of 1st period - Snap shot by Blake Geoffrion.
0:06 of 1st period - Stopped by Anton Forsberg without a rebound.
0:07 of 1st period - Blake Geoffrion wins face-off versus Cody Eakin in Harfangs zone.
0:12 of 1st period - Wrist shot by Blake Geoffrion.
0:12 of 1st period - Shot Misses the Net.
1:27 of 1st period - Snap shot by Brandon Pirri.
1:27 of 1st period - Shot Blocked by Sasha Pokulok.
2:08 of 1st period - Snap shot by Jeremy Williams.
2:08 of 1st period - Stopped by Anton Forsberg with a rebound.
2:10 of 1st period - Slapshot by Josh Manson.
2:10 of 1st period - Shot Blocked by Jimmy Hayes.
2:19 of 1st period - Off-side.
2:20 of 1st period - Calle Jarnkrok wins face-off versus Zack Smith in neutral zone.
2:23 of 1st period - Snap shot by Calle Jarnkrok.
2:23 of 1st period - Stopped by Niklas Svedberg with a rebound.
2:25 of 1st period - Slapshot by Zac Leslie.
2:25 of 1st period - Deflect By Tomas Kubalik.
2:25 of 1st period - Goal by Tomas Kubalik - Carnivores : 0 - Harfangs : 1.
2:26 of 1st period - Scott Laughton wins face-off versus Calle Jarnkrok in neutral zone.
2:29 of 1st period - Snap shot by Blake Geoffrion.
2:29 of 1st period - Stopped by Anton Forsberg without a rebound.
2:30 of 1st period - Calle Jarnkrok wins face-off versus Scott Laughton in Harfangs zone.
2:32 of 1st period - Icing by Brandon Saad.
2:33 of 1st period - Calle Jarnkrok wins face-off versus Jeremy Williams in Harfangs zone.
2:33 of 1st period - Calle Jarnkrok is hit by Blake Geoffrion.
2:47 of 1st period - Snap shot by Blake Geoffrion.
2:47 of 1st period - Stopped by Anton Forsberg without a rebound.
2:48 of 1st period - Cody Eakin wins face-off versus Markus Granlund in Harfangs zone.
2:48 of 1st period - Cody Eakin is hit by Mat Clark.
2:55 of 1st period - Minor Penalty to Mat Clark for Diving.
2:56 of 1st period - Cody Eakin wins face-off versus Zack Smith in Carnivores zone.
3:41 of 1st period - Slapshot by Sasha Pokulok.
3:41 of 1st period - Stopped by Anton Forsberg without a rebound.
3:42 of 1st period - Cody Eakin wins face-off versus Zack Smith in Harfangs zone.
4:18 of 1st period - Icing by Calle Jarnkrok.
4:19 of 1st period - Zack Smith wins face-off versus Calle Jarnkrok in Harfangs zone.
4:55 of 1st period - Penalty to Mat Clark is over, Mat Clark is back on ice.
5:08 of 1st period - Snap shot by Nikita Alexeev.
5:08 of 1st period - Stopped by Anton Forsberg with a rebound.
5:10 of 1st period - Slapshot by T.J Brodie.
5:10 of 1st period - Shot Blocked by Dylan Olsen.
5:12 of 1st period - Slapshot by Nikita Alexeev.
5:12 of 1st period - Shot Misses the Net.
5:54 of 1st period - Snap shot by Blake Geoffrion.
5:54 of 1st period - Stopped by Anton Forsberg with a rebound.
6:04 of 1st period - Zack Smith is hit by Tomas Kubalik and loses puck.
6:22 of 1st period - Icing by Zack Smith.
6:23 of 1st period - Cody Eakin wins face-off versus Zack Smith in Carnivores zone.
6:48 of 1st period - Blake Geoffrion is hit by Brandon Saad and loses puck.
6:55 of 1st period - Snap shot by Brandon Saad.
6:55 of 1st period - Stopped by Niklas Svedberg with a rebound.
6:57 of 1st period - Slapshot by Dylan Olsen.
6:57 of 1st period - Stopped by Niklas Svedberg with a rebound.
7:09 of 1st period - Slapshot by Nikita Alexeev.
7:09 of 1st period - Shot Blocked by Dylan Olsen.
7:48 of 1st period - Wrist shot by Blake Geoffrion.
7:48 of 1st period - Stopped by Anton Forsberg with a rebound.
7:54 of 1st period - Snap shot by Blake Geoffrion.
7:54 of 1st period - Shot Misses the Net.
7:56 of 1st period - Slapshot by T.J Brodie.
7:56 of 1st period - Stopped by Anton Forsberg with a rebound.
8:15 of 1st period - Calle Jarnkrok is hit by Mat Clark and loses puck.
9:06 of 1st period - Snap shot by Cody Eakin.
9:06 of 1st period - Deflect By Nate Schmidt.
9:06 of 1st period - Shot Misses the Net.
9:06 of 1st period - Puck is out of play.
9:07 of 1st period - Cody Eakin wins face-off versus Scott Laughton in Carnivores zone.
9:14 of 1st period - Snap shot by Jeremy Williams.
9:14 of 1st period - Shot Hit the Post.
9:16 of 1st period - Wrist shot by Blake Geoffrion.
9:16 of 1st period - Deflect By Cody Eakin.
9:16 of 1st period - Shot Blocked by Andreas Martinsen.
9:16 of 1st period - Puck is out of play.
9:17 of 1st period - Cody Eakin wins face-off versus Scott Laughton in Harfangs zone.
9:44 of 1st period - Wrist shot by Jeremy Welsh.
9:44 of 1st period - Shot Misses the Net.
9:46 of 1st period - Snap shot by Sasha Pokulok.
9:46 of 1st period - Stopped by Anton Forsberg with a rebound.
9:48 of 1st period - Slapshot by Sasha Pokulok.
9:48 of 1st period - Shot Blocked by Dylan Olsen.
10:44 of 1st period - Wrist shot by Scott Laughton.
10:44 of 1st period - Stopped by Anton Forsberg with a rebound.
11:08 of 1st period - Snap shot by Tomas Kubalik.
11:08 of 1st period - Shot Misses the Net.
11:20 of 1st period - Off-side.
11:21 of 1st period - Laurent Dauphin wins face-off versus Frederik Gauthier in neutral zone.
11:26 of 1st period - Snap shot by Laurent Dauphin.
11:26 of 1st period - Deflect By Joel Armia.
11:26 of 1st period - Shot Misses the Net.
11:26 of 1st period - Puck is out of play.
11:27 of 1st period - Cody Eakin wins face-off versus Frederik Gauthier in Carnivores zone.
11:32 of 1st period - Snap shot by Cody Eakin.
11:32 of 1st period - Shot Blocked by Nate Schmidt.
11:34 of 1st period - Wrist shot by Andreas Martinsen.
11:34 of 1st period - Shot Misses the Net.
11:38 of 1st period - Backhand shot by Cody Eakin.
11:38 of 1st period - Shot Misses the Net.
11:39 of 1st period - Minor Penalty to Jake Dotchin for Roughing.
11:40 of 1st period - Scott Laughton wins face-off versus Cody Eakin in Harfangs zone.
11:51 of 1st period - Wrist shot by Blake Geoffrion.
11:51 of 1st period - Goal by Blake Geoffrion - Carnivores : 1 - Harfangs : 1.
11:52 of 1st period - Cody Eakin wins face-off versus Scott Laughton in neutral zone.
12:30 of 1st period - Sasha Pokulok is hit by Andreas Martinsen and loses puck.
12:35 of 1st period - Snap shot by Jimmy Hayes.
12:35 of 1st period - Stopped by Niklas Svedberg without a rebound.
12:36 of 1st period - Calle Jarnkrok wins face-off versus Scott Laughton in Carnivores zone.
12:37 of 1st period - Snap shot by Tomas Kubalik.
12:37 of 1st period - Deflect By Calle Jarnkrok.
12:37 of 1st period - Stopped by Niklas Svedberg with a rebound.
12:39 of 1st period - Backhand shot by Zac Leslie.
12:39 of 1st period - Stopped by Niklas Svedberg with a rebound.
12:41 of 1st period - Slapshot by Brandon Saad.
12:41 of 1st period - Stopped by Niklas Svedberg with a rebound.
12:43 of 1st period - Wrist shot by Tomas Kubalik.
12:43 of 1st period - Goal by Tomas Kubalik - Carnivores : 1 - Harfangs : 2.
12:44 of 1st period - Cody Eakin wins face-off versus Scott Laughton in neutral zone.
13:21 of 1st period - Off-side.
13:22 of 1st period - Boone Jenner wins face-off versus Zack Smith in neutral zone.
14:47 of 1st period - Snap shot by Zack Smith.
14:47 of 1st period - Shot Misses the Net.
14:51 of 1st period - Wrist shot by Zack Smith.
14:51 of 1st period - Stopped by Anton Forsberg with a rebound.
15:56 of 1st period - Frederik Gauthier is hit by Jake Dotchin and loses puck.
16:03 of 1st period - Wrist shot by Laurent Dauphin.
16:03 of 1st period - Shot Blocked by Frederik Gauthier.
16:05 of 1st period - Slapshot by Jake Dotchin.
16:05 of 1st period - Stopped by Niklas Svedberg with a rebound.
16:07 of 1st period - Slapshot by Jake Dotchin.
16:07 of 1st period - Shot Blocked by Curtis Lazar.
16:17 of 1st period - Curtis Lazar is hit by Dylan Olsen.
16:25 of 1st period - Wrist shot by Boone Jenner.
16:25 of 1st period - Stopped by Niklas Svedberg without a rebound.
16:26 of 1st period - Scott Laughton wins face-off versus Andreas Martinsen in Carnivores zone.
17:02 of 1st period - Slapshot by Nate Schmidt.
17:02 of 1st period - Shot Blocked by Zac Leslie.
17:33 of 1st period - Reid McNeill is hit by Hunter Shinkaruk and loses puck.
17:56 of 1st period - Snap shot by Cody Eakin.
17:56 of 1st period - Stopped by Niklas Svedberg with a rebound.
17:58 of 1st period - Wrist shot by Jake Dotchin.
17:58 of 1st period - Shot Blocked by Sasha Pokulok.
18:39 of 1st period - Slapshot by Nate Schmidt.
18:39 of 1st period - Shot Misses the Net.
18:41 of 1st period - Slapshot by T.J Brodie.
18:41 of 1st period - Deflect By Zack Smith.
18:41 of 1st period - Stopped by Anton Forsberg without a rebound.
18:42 of 1st period - Andreas Martinsen wins face-off versus Scott Laughton in Harfangs zone.
18:42 of 1st period - Andreas Martinsen is hit by Scott Laughton.
18:45 of 1st period - Major / Game Misconduct Penalty to Zac Leslie for Spearing.
18:45 of 1st period - Zac Leslie is ejected from game.
18:46 of 1st period - Cody Eakin wins face-off versus Scott Laughton in Harfangs zone.
19:14 of 1st period - Slapshot by T.J Brodie.
19:14 of 1st period - Shot Blocked by Victor Bartley.
19:16 of 1st period - Snap shot by Jeremy Williams.
19:16 of 1st period - Shot Misses the Net.
19:18 of 1st period - Snap shot by Jeremy Williams.
19:18 of 1st period - Goal by Jeremy Williams - Carnivores : 2 - Harfangs : 2.
19:19 of 1st period - Cody Eakin wins face-off versus Scott Laughton in neutral zone.
19:42 of 1st period - Dylan Olsen is hit by Jeremy Welsh and loses puck.
19:47 of 1st period - Snap shot by Nikita Alexeev.
19:47 of 1st period - Stopped by Anton Forsberg with a rebound.
19:49 of 1st period - Wrist shot by Nikita Alexeev.
19:49 of 1st period - Goal by Nikita Alexeev - Carnivores : 3 - Harfangs : 2.
19:50 of 1st period - Cody Eakin wins face-off versus Scott Laughton in neutral zone.
19:55 of 1st period - Snap shot by Cody Eakin.
19:55 of 1st period - Shot Misses the Net.
Goals for this period are 3 for Carnivores vs 2 for Harfangs.
Shots for this period are 17 for Carnivores vs 12 for Harfangs.
2nd period
0:01 of 2nd period - Scott Laughton wins face-off versus Cody Eakin in neutral zone.
0:12 of 2nd period - Backhand shot by Blake Geoffrion.
0:12 of 2nd period - Stopped by Anton Forsberg with a rebound.
0:14 of 2nd period - Slapshot by Nate Schmidt.
0:14 of 2nd period - Stopped by Anton Forsberg without a rebound.
0:15 of 2nd period - Scott Laughton wins face-off versus Cody Eakin in Harfangs zone.
0:18 of 2nd period - Snap shot by Jeremy Williams.
0:18 of 2nd period - Stopped by Anton Forsberg without a rebound.
0:19 of 2nd period - Scott Laughton wins face-off versus Cody Eakin in Harfangs zone.
0:32 of 2nd period - Jimmy Hayes is hit by Blake Geoffrion and loses puck.
1:25 of 2nd period - Reid McNeill is hit by Sasha Pokulok and loses puck.
2:27 of 2nd period - Snap shot by Mark McNeill.
2:27 of 2nd period - Shot Misses the Net.
2:29 of 2nd period - Slapshot by Nate Schmidt.
2:29 of 2nd period - Stopped by Anton Forsberg with a rebound.
3:45 of 2nd period - Penalty to Zac Leslie is over, Joel Armia is send on ice.
3:59 of 2nd period - Wrist shot by Joel Armia.
3:59 of 2nd period - Shot Blocked by Mark McNeill.
5:45 of 2nd period - Jujhar Khaira is hit by Nate Schmidt and loses puck.
7:35 of 2nd period - Nikita Alexeev is hit by Laurent Dauphin and loses puck.
7:42 of 2nd period - Josh Manson is hit by Joel Armia and loses puck.
7:57 of 2nd period - Snap shot by Boone Jenner.
7:57 of 2nd period - Stopped by Niklas Svedberg without a rebound.
7:58 of 2nd period - Scott Laughton wins face-off versus Jujhar Khaira in Carnivores zone.
8:23 of 2nd period - Mat Clark is hit by Victor Bartley and loses puck.
8:34 of 2nd period - Snap shot by Tomas Kubalik.
8:34 of 2nd period - Deflect By Brandon Saad.
8:34 of 2nd period - Shot Misses the Net.
8:34 of 2nd period - Puck is out of play.
8:35 of 2nd period - Cody Eakin wins face-off versus Markus Granlund in Carnivores zone.
9:52 of 2nd period - Snap shot by Markus Granlund.
9:52 of 2nd period - Stopped by Anton Forsberg without a rebound.
9:53 of 2nd period - Cody Eakin wins face-off versus Markus Granlund in Harfangs zone.
10:04 of 2nd period - Snap shot by Nikita Alexeev.
10:04 of 2nd period - Stopped by Anton Forsberg with a rebound.
10:06 of 2nd period - Slapshot by Mat Clark.
10:06 of 2nd period - Stopped by Anton Forsberg with a rebound.
10:26 of 2nd period - Slapshot by Scott Laughton.
10:26 of 2nd period - Shot Misses the Net.
11:16 of 2nd period - Slapshot by Nikita Alexeev.
11:16 of 2nd period - Stopped by Anton Forsberg with a rebound.
11:40 of 2nd period - Snap shot by Blake Geoffrion.
11:40 of 2nd period - Shot Blocked by Morgan Klimchuk.
11:58 of 2nd period - Slapshot by Tomas Kubalik.
11:58 of 2nd period - Stopped by Niklas Svedberg without a rebound.
11:59 of 2nd period - Calle Jarnkrok wins face-off versus Zack Smith in Carnivores zone.
12:16 of 2nd period - Wrist shot by Calle Jarnkrok.
12:16 of 2nd period - Shot Blocked by Josh Manson.
12:18 of 2nd period - Slapshot by Dylan Olsen.
12:18 of 2nd period - Deflect By Mark McNeill.
12:18 of 2nd period - Stopped by Niklas Svedberg with a rebound.
12:20 of 2nd period - Wrist shot by Calle Jarnkrok.
12:20 of 2nd period - Stopped by Niklas Svedberg with a rebound.
12:28 of 2nd period - Snap shot by Tomas Kubalik.
12:28 of 2nd period - Deflect By Zack Smith.
12:28 of 2nd period - Shot Blocked by Mark McNeill.
12:28 of 2nd period - Puck is out of play.
12:29 of 2nd period - Cody Eakin wins face-off versus Scott Laughton in Carnivores zone.
12:38 of 2nd period - Nate Schmidt is hit by Andreas Martinsen and loses puck.
13:40 of 2nd period - Wrist shot by Tomas Kubalik.
13:40 of 2nd period - Shot Misses the Net.
13:42 of 2nd period - Slapshot by Brandon Saad.
13:42 of 2nd period - Goal by Brandon Saad - Carnivores : 3 - Harfangs : 3.
13:43 of 2nd period - Calle Jarnkrok wins face-off versus Scott Laughton in neutral zone.
13:50 of 2nd period - Slapshot by Dylan Olsen.
13:50 of 2nd period - Goal by Dylan Olsen - Carnivores : 3 - Harfangs : 4.
13:51 of 2nd period - Cody Eakin wins face-off versus Scott Laughton in neutral zone.
14:02 of 2nd period - Wrist shot by Andreas Martinsen.
14:02 of 2nd period - Stopped by Niklas Svedberg with a rebound.
14:18 of 2nd period - Wrist shot by Boone Jenner.
14:18 of 2nd period - Stopped by Niklas Svedberg with a rebound.
14:20 of 2nd period - Slapshot by Reid McNeill.
14:20 of 2nd period - Shot Blocked by T.J Brodie.
14:22 of 2nd period - Slapshot by Jujhar Khaira.
14:22 of 2nd period - Shot Blocked by T.J Brodie.
14:24 of 2nd period - Wrist shot by Boone Jenner.
14:24 of 2nd period - Shot Blocked by Scott Laughton.
14:26 of 2nd period - Backhand shot by Boone Jenner.
14:26 of 2nd period - Deflect By Brandon Pirri.
14:26 of 2nd period - Stopped by Niklas Svedberg without a rebound.
14:27 of 2nd period - Cody Eakin wins face-off versus Nikita Alexeev in Carnivores zone.
14:28 of 2nd period - Snap shot by Andreas Martinsen.
14:28 of 2nd period - Stopped by Niklas Svedberg with a rebound.
14:30 of 2nd period - Slapshot by Dylan Olsen.
14:30 of 2nd period - Shot Blocked by Markus Granlund.
14:53 of 2nd period - Sasha Pokulok is hit by Brandon Saad and loses puck.
15:09 of 2nd period - Icing by Zack Smith.
15:10 of 2nd period - Hunter Shinkaruk wins face-off versus Boone Jenner in Carnivores zone.
15:55 of 2nd period - Wrist shot by Mat Clark.
15:55 of 2nd period - Shot Blocked by Victor Bartley.
15:57 of 2nd period - Slapshot by Mat Clark.
15:57 of 2nd period - Shot Blocked by Dylan Olsen.
16:05 of 2nd period - Snap shot by Markus Granlund.
16:05 of 2nd period - Shot Blocked by Dylan Olsen.
16:26 of 2nd period - Snap shot by Joel Armia.
16:26 of 2nd period - Shot Misses the Net.
16:28 of 2nd period - Slapshot by Victor Bartley.
16:28 of 2nd period - Deflect By Laurent Dauphin.
16:28 of 2nd period - Shot Misses the Net.
16:28 of 2nd period - Puck is out of play.
16:29 of 2nd period - Scott Laughton wins face-off versus Cody Eakin in Carnivores zone.
17:15 of 2nd period - Minor Penalty to Josh Manson for Cross-checking.
17:16 of 2nd period - Zack Smith wins face-off versus Cody Eakin in Carnivores zone.
17:36 of 2nd period - Andreas Martinsen is hit by T.J Brodie and loses puck.
17:55 of 2nd period - Slapshot by Dylan Olsen.
17:55 of 2nd period - Deflect By Tomas Kubalik.
17:55 of 2nd period - Stopped by Niklas Svedberg with a rebound.
18:27 of 2nd period - Jeremy Williams is hit by Brandon Saad.
19:15 of 2nd period - Penalty to Josh Manson is over, Josh Manson is back on ice.
19:49 of 2nd period - Wrist shot by Hunter Shinkaruk.
19:49 of 2nd period - Stopped by Anton Forsberg with a rebound.
19:51 of 2nd period - Snap shot by Josh Manson.
19:51 of 2nd period - Stopped by Anton Forsberg with a rebound.
19:53 of 2nd period - Snap shot by David Schlemko.
19:53 of 2nd period - Stopped by Anton Forsberg with a rebound.
Goals for this period are 0 for Carnivores vs 2 for Harfangs.
Shots for this period are 11 for Carnivores vs 11 for Harfangs.
3rd period
0:01 of 3rd period - Cody Eakin wins face-off versus Scott Laughton in neutral zone.
1:28 of 3rd period - Victor Bartley is hit by Josh Manson and loses puck.
1:37 of 3rd period - Snap shot by Jimmy Hayes.
1:37 of 3rd period - Stopped by Niklas Svedberg with a rebound.
1:39 of 3rd period - Wrist shot by Andreas Martinsen.
1:39 of 3rd period - Stopped by Niklas Svedberg with a rebound.
1:55 of 3rd period - Wrist shot by Nikita Alexeev.
1:55 of 3rd period - Shot Misses the Net.
1:59 of 3rd period - Wrist shot by Nikita Alexeev.
1:59 of 3rd period - Deflect By Brandon Saad.
1:59 of 3rd period - Shot Misses the Net.
1:59 of 3rd period - Puck is out of play.
2:00 of 3rd period - Markus Granlund wins face-off versus Cody Eakin in Harfangs zone.
2:40 of 3rd period - Calle Jarnkrok is hit by Sasha Pokulok and loses puck.
2:53 of 3rd period - Rinat Valiev is hit by Curtis Lazar and loses puck.
3:23 of 3rd period - Wrist shot by Nicolas Kerdiles.
3:23 of 3rd period - Stopped by Anton Forsberg without a rebound.
3:24 of 3rd period - Scott Laughton wins face-off versus Cody Eakin in Harfangs zone.
4:08 of 3rd period - Nate Schmidt is hit by Joel Armia and loses puck.
4:44 of 3rd period - Wrist shot by Tomas Kubalik.
4:44 of 3rd period - Shot Blocked by Nate Schmidt.
4:46 of 3rd period - Snap shot by Tomas Kubalik.
4:46 of 3rd period - Goal by Tomas Kubalik - Carnivores : 3 - Harfangs : 5.
4:47 of 3rd period - Cody Eakin wins face-off versus Scott Laughton in neutral zone.
4:47 of 3rd period - Cody Eakin is hit by Scott Laughton.
5:09 of 3rd period - Minor Penalty to Sasha Pokulok for Holding.
5:10 of 3rd period - Zack Smith wins face-off versus Cody Eakin in Carnivores zone.
5:47 of 3rd period - Wrist shot by Calle Jarnkrok.
5:47 of 3rd period - Stopped by Niklas Svedberg with a rebound.
6:39 of 3rd period - Snap shot by Nicolas Kerdiles.
6:39 of 3rd period - Shot Misses the Net.
7:09 of 3rd period - Penalty to Sasha Pokulok is over, Sasha Pokulok is back on ice.
8:16 of 3rd period - Rinat Valiev is hit by Josh Manson and loses puck.
8:42 of 3rd period - Nicolas Kerdiles is hit by Jujhar Khaira and loses puck.
9:17 of 3rd period - Brandon Pirri is hit by Jeremy Williams and loses puck.
9:33 of 3rd period - Double Minor Penalty to T.J Brodie for High sticking.
9:34 of 3rd period - Calle Jarnkrok wins face-off versus Zack Smith in Carnivores zone.
9:35 of 3rd period - Wrist shot by Tomas Kubalik.
9:35 of 3rd period - Deflect By Blake Geoffrion.
9:35 of 3rd period - Stopped by Niklas Svedberg without a rebound.
9:36 of 3rd period - Calle Jarnkrok wins face-off versus Zack Smith in Carnivores zone.
9:43 of 3rd period - Snap shot by Brandon Saad.
9:43 of 3rd period - Deflect By Tomas Kubalik.
9:43 of 3rd period - Shot Misses the Net.
9:43 of 3rd period - Puck is out of play.
9:44 of 3rd period - Calle Jarnkrok wins face-off versus Zack Smith in Carnivores zone.
10:19 of 3rd period - Slapshot by Tomas Kubalik.
10:19 of 3rd period - Stopped by Niklas Svedberg without a rebound.
10:20 of 3rd period - Cody Eakin wins face-off versus Zack Smith in Carnivores zone.
10:21 of 3rd period - Snap shot by Jimmy Hayes.
10:21 of 3rd period - Shot Blocked by Josh Manson.
10:23 of 3rd period - Wrist shot by Reid McNeill.
10:23 of 3rd period - Stopped by Niklas Svedberg with a rebound.
10:25 of 3rd period - Slapshot by Jake Dotchin.
10:25 of 3rd period - Shot Misses the Net.
10:27 of 3rd period - Slapshot by Andreas Martinsen.
10:27 of 3rd period - Stopped by Niklas Svedberg with a rebound.
11:04 of 3rd period - Wrist shot by Jeremy Williams.
11:04 of 3rd period - Stopped by Anton Forsberg with a rebound.
11:30 of 3rd period - Nate Schmidt is hit by Reid McNeill.
13:03 of 3rd period - David Schlemko is hit by Dylan Olsen and loses puck.
13:33 of 3rd period - Penalty to T.J Brodie is over, T.J Brodie is back on ice.
13:38 of 3rd period - Mattias Backman is hit by Reid McNeill and loses puck.
14:33 of 3rd period - Snap shot by Nikita Alexeev.
14:33 of 3rd period - Stopped by Anton Forsberg without a rebound.
14:34 of 3rd period - Laurent Dauphin wins face-off versus Markus Granlund in Harfangs zone.
14:39 of 3rd period - Markus Granlund is hit by Morgan Klimchuk and loses puck.
15:14 of 3rd period - Mat Clark is hit by Andreas Martinsen and loses puck.
15:35 of 3rd period - Tomas Kubalik is hit by Nate Schmidt and loses puck.
16:32 of 3rd period - Dylan Olsen is hit by Zack Smith and loses puck.
17:14 of 3rd period - Morgan Klimchuk is hit by Jeremy Williams and loses puck.
17:25 of 3rd period - Andreas Martinsen is hit by Nicolas Kerdiles and loses puck.
18:06 of 3rd period - Laurent Dauphin is hit by Nikita Alexeev and loses puck.
18:28 of 3rd period - Icing by Nikita Alexeev.
18:29 of 3rd period - Cody Eakin wins face-off versus Markus Granlund in Carnivores zone.
18:30 of 3rd period - Snap shot by Jimmy Hayes.
18:30 of 3rd period - Shot Misses the Net.
18:32 of 3rd period - Slapshot by Reid McNeill.
18:32 of 3rd period - Shot Blocked by Nate Schmidt.
18:34 of 3rd period - Slapshot by Reid McNeill.
18:34 of 3rd period - Shot Blocked by Nikita Alexeev.
18:36 of 3rd period - Snap shot by Cody Eakin.
18:36 of 3rd period - Shot Blocked by Markus Granlund.
18:38 of 3rd period - Backhand shot by Jimmy Hayes.
18:38 of 3rd period - Goal by Jimmy Hayes - Carnivores : 3 - Harfangs : 6.
18:39 of 3rd period - Cody Eakin wins face-off versus Scott Laughton in neutral zone.
18:46 of 3rd period - Wrist shot by Jimmy Hayes.
18:46 of 3rd period - Stopped by Niklas Svedberg with a rebound.
19:11 of 3rd period - Slapshot by Nate Schmidt.
19:11 of 3rd period - Deflect By Nikita Alexeev.
19:11 of 3rd period - Stopped by Anton Forsberg without a rebound.
19:12 of 3rd period - Calle Jarnkrok wins face-off versus Scott Laughton in Harfangs zone.
19:21 of 3rd period - Slapshot by Tomas Kubalik.
19:21 of 3rd period - Stopped by Niklas Svedberg with a rebound.
19:23 of 3rd period - Slapshot by Jake Dotchin.
19:23 of 3rd period - Stopped by Niklas Svedberg without a rebound.
19:24 of 3rd period - Cody Eakin wins face-off versus Scott Laughton in Carnivores zone.
19:33 of 3rd period - Slapshot by Nate Schmidt.
19:33 of 3rd period - Shot Blocked by Dylan Olsen.
19:52 of 3rd period - Snap shot by Zack Smith.
19:52 of 3rd period - Shot Misses the Net.
Goals for this period are 0 for Carnivores vs 2 for Harfangs.
Shots for this period are 4 for Carnivores vs 12 for Harfangs.
Back to the Top